%YAML 1.1
%TAG !u! tag:unity3d.com,2011:
--- !u!1 &1821938286865919556
GameObject:
  m_ObjectHideFlags: 0
  m_CorrespondingSourceObject: {fileID: 0}
  m_PrefabInstance: {fileID: 0}
  m_PrefabAsset: {fileID: 0}
  serializedVersion: 6
  m_Component:
  - component: {fileID: 631739018992957446}
  - component: {fileID: 936136693856147445}
  - component: {fileID: 7769766637767010847}
  m_Layer: 0
  m_Name: trash_2
  m_TagString: Untagged
  m_Icon: {fileID: 0}
  m_NavMeshLayer: 0
  m_StaticEditorFlags: 4294967295
  m_IsActive: 1
--- !u!4 &631739018992957446
Transform:
  m_ObjectHideFlags: 0
  m_CorrespondingSourceObject: {fileID: 0}
  m_PrefabInstance: {fileID: 0}
  m_PrefabAsset: {fileID: 0}
  m_GameObject: {fileID: 1821938286865919556}
  m_LocalRotation: {x: -0, y: -0, z: -0, w: 1}
  m_LocalPosition: {x: -0.00041187188, y: 0.0024842476, z: 0.000020606427}
  m_LocalScale: {x: 1, y: 1, z: 1}
  m_ConstrainProportionsScale: 0
  m_Children: []
  m_Father: {fileID: 7762311819336908069}
  m_RootOrder: 2
  m_LocalEulerAnglesHint: {x: 0, y: 0, z: 0}
--- !u!33 &936136693856147445
MeshFilter:
  m_ObjectHideFlags: 0
  m_CorrespondingSourceObject: {fileID: 0}
  m_PrefabInstance: {fileID: 0}
  m_PrefabAsset: {fileID: 0}
  m_GameObject: {fileID: 1821938286865919556}
  m_Mesh: {fileID: 7931684991463765115, guid: 02d372f43ca7e974c91609452ccf3111, type: 3}
--- !u!23 &7769766637767010847
MeshRenderer:
  m_ObjectHideFlags: 0
  m_CorrespondingSourceObject: {fileID: 0}
  m_PrefabInstance: {fileID: 0}
  m_PrefabAsset: {fileID: 0}
  m_GameObject: {fileID: 1821938286865919556}
  m_Enabled: 1
  m_CastShadows: 1
  m_ReceiveShadows: 1
  m_DynamicOccludee: 1
  m_StaticShadowCaster: 0
  m_MotionVectors: 1
  m_LightProbeUsage: 0
  m_ReflectionProbeUsage: 0
  m_RayTracingMode: 2
  m_RayTraceProcedural: 0
  m_RenderingLayerMask: 1
  m_RendererPriority: 0
  m_Materials:
  - {fileID: 2100000, guid: 7b7bf1fe5918e0e4d9945f588b59b920, type: 2}
  m_StaticBatchInfo:
    firstSubMesh: 0
    subMeshCount: 0
  m_StaticBatchRoot: {fileID: 0}
  m_ProbeAnchor: {fileID: 0}
  m_LightProbeVolumeOverride: {fileID: 0}
  m_ScaleInLightmap: 0.5
  m_ReceiveGI: 1
  m_PreserveUVs: 0
  m_IgnoreNormalsForChartDetection: 0
  m_ImportantGI: 0
  m_StitchLightmapSeams: 1
  m_SelectedEditorRenderState: 3
  m_MinimumChartSize: 4
  m_AutoUVMaxDistance: 0.5
  m_AutoUVMaxAngle: 89
  m_LightmapParameters: {fileID: 0}
  m_SortingLayerID: 0
  m_SortingLayer: 0
  m_SortingOrder: 0
  m_AdditionalVertexStreams: {fileID: 0}
--- !u!1 &2652694175228433514
GameObject:
  m_ObjectHideFlags: 0
  m_CorrespondingSourceObject: {fileID: 0}
  m_PrefabInstance: {fileID: 0}
  m_PrefabAsset: {fileID: 0}
  serializedVersion: 6
  m_Component:
  - component: {fileID: 4718999055433543129}
  - component: {fileID: 2381388275329907508}
  - component: {fileID: 4136320721477972456}
  m_Layer: 0
  m_Name: Trash_V05 (1)
  m_TagString: Untagged
  m_Icon: {fileID: 0}
  m_NavMeshLayer: 0
  m_StaticEditorFlags: 4294967295
  m_IsActive: 1
--- !u!4 &4718999055433543129
Transform:
  m_ObjectHideFlags: 0
  m_CorrespondingSourceObject: {fileID: 0}
  m_PrefabInstance: {fileID: 0}
  m_PrefabAsset: {fileID: 0}
  m_GameObject: {fileID: 2652694175228433514}
  m_LocalRotation: {x: -0.00000008940697, y: 0.00000017881393, z: -0.847542, w: 0.5307284}
  m_LocalPosition: {x: -0.0056064725, y: 0.019025603, z: -0.00074945367}
  m_LocalScale: {x: 2.5855658, y: 2.5855649, z: 5.039008}
  m_ConstrainProportionsScale: 0
  m_Children: []
  m_Father: {fileID: 7762311819336908069}
  m_RootOrder: 15
  m_LocalEulerAnglesHint: {x: -90, y: 0, z: -43.19}
--- !u!33 &2381388275329907508
MeshFilter:
  m_ObjectHideFlags: 0
  m_CorrespondingSourceObject: {fileID: 0}
  m_PrefabInstance: {fileID: 0}
  m_PrefabAsset: {fileID: 0}
  m_GameObject: {fileID: 2652694175228433514}
  m_Mesh: {fileID: 532740139631451553, guid: 02d372f43ca7e974c91609452ccf3111, type: 3}
--- !u!23 &4136320721477972456
MeshRenderer:
  m_ObjectHideFlags: 0
  m_CorrespondingSourceObject: {fileID: 0}
  m_PrefabInstance: {fileID: 0}
  m_PrefabAsset: {fileID: 0}
  m_GameObject: {fileID: 2652694175228433514}
  m_Enabled: 1
  m_CastShadows: 1
  m_ReceiveShadows: 1
  m_DynamicOccludee: 1
  m_StaticShadowCaster: 0
  m_MotionVectors: 1
  m_LightProbeUsage: 0
  m_ReflectionProbeUsage: 0
  m_RayTracingMode: 2
  m_RayTraceProcedural: 0
  m_RenderingLayerMask: 1
  m_RendererPriority: 0
  m_Materials:
  - {fileID: 2100000, guid: 7b7bf1fe5918e0e4d9945f588b59b920, type: 2}
  m_StaticBatchInfo:
    firstSubMesh: 0
    subMeshCount: 0
  m_StaticBatchRoot: {fileID: 0}
  m_ProbeAnchor: {fileID: 0}
  m_LightProbeVolumeOverride: {fileID: 0}
  m_ScaleInLightmap: 0.5
  m_ReceiveGI: 1
  m_PreserveUVs: 0
  m_IgnoreNormalsForChartDetection: 0
  m_ImportantGI: 0
  m_StitchLightmapSeams: 1
  m_SelectedEditorRenderState: 3
  m_MinimumChartSize: 4
  m_AutoUVMaxDistance: 0.5
  m_AutoUVMaxAngle: 89
  m_LightmapParameters: {fileID: 0}
  m_SortingLayerID: 0
  m_SortingLayer: 0
  m_SortingOrder: 0
  m_AdditionalVertexStreams: {fileID: 0}
--- !u!1 &3167627343684922551
GameObject:
  m_ObjectHideFlags: 0
  m_CorrespondingSourceObject: {fileID: 0}
  m_PrefabInstance: {fileID: 0}
  m_PrefabAsset: {fileID: 0}
  serializedVersion: 6
  m_Component:
  - component: {fileID: 1384647885694463771}
  - component: {fileID: 5325003289443550180}
  - component: {fileID: 4911110206223460706}
  m_Layer: 0
  m_Name: SM_TrashBox1_USP
  m_TagString: Untagged
  m_Icon: {fileID: 0}
  m_NavMeshLayer: 0
  m_StaticEditorFlags: 4294967295
  m_IsActive: 1
--- !u!4 &1384647885694463771
Transform:
  m_ObjectHideFlags: 0
  m_CorrespondingSourceObject: {fileID: 0}
  m_PrefabInstance: {fileID: 0}
  m_PrefabAsset: {fileID: 0}
  m_GameObject: {fileID: 3167627343684922551}
  m_LocalRotation: {x: 0.49816436, y: 0.5018292, z: 0.5018291, w: 0.4981641}
  m_LocalPosition: {x: -0.00842861, y: -0.0032736307, z: -0.0005869476}
  m_LocalScale: {x: 0.0055515473, y: 0.0055515477, z: 0.005551546}
  m_ConstrainProportionsScale: 0
  m_Children: []
  m_Father: {fileID: 7762311819336908069}
  m_RootOrder: 5
  m_LocalEulerAnglesHint: {x: 0, y: -17.042, z: 0}
--- !u!33 &5325003289443550180
MeshFilter:
  m_ObjectHideFlags: 0
  m_CorrespondingSourceObject: {fileID: 0}
  m_PrefabInstance: {fileID: 0}
  m_PrefabAsset: {fileID: 0}
  m_GameObject: {fileID: 3167627343684922551}
  m_Mesh: {fileID: 6863006770369671676, guid: 9d65ce9af346590408e200f60359a274, type: 3}
--- !u!23 &4911110206223460706
MeshRenderer:
  m_ObjectHideFlags: 0
  m_CorrespondingSourceObject: {fileID: 0}
  m_PrefabInstance: {fileID: 0}
  m_PrefabAsset: {fileID: 0}
  m_GameObject: {fileID: 3167627343684922551}
  m_Enabled: 1
  m_CastShadows: 1
  m_ReceiveShadows: 1
  m_DynamicOccludee: 1
  m_StaticShadowCaster: 0
  m_MotionVectors: 1
  m_LightProbeUsage: 0
  m_ReflectionProbeUsage: 1
  m_RayTracingMode: 2
  m_RayTraceProcedural: 0
  m_RenderingLayerMask: 1
  m_RendererPriority: 0
  m_Materials:
  - {fileID: 2100000, guid: 7e7dd89d61bd1684789df2b2917bd290, type: 2}
  m_StaticBatchInfo:
    firstSubMesh: 0
    subMeshCount: 0
  m_StaticBatchRoot: {fileID: 0}
  m_ProbeAnchor: {fileID: 0}
  m_LightProbeVolumeOverride: {fileID: 0}
  m_ScaleInLightmap: 0.3
  m_ReceiveGI: 1
  m_PreserveUVs: 0
  m_IgnoreNormalsForChartDetection: 0
  m_ImportantGI: 0
  m_StitchLightmapSeams: 1
  m_SelectedEditorRenderState: 3
  m_MinimumChartSize: 4
  m_AutoUVMaxDistance: 0.5
  m_AutoUVMaxAngle: 89
  m_LightmapParameters: {fileID: 0}
  m_SortingLayerID: 0
  m_SortingLayer: 0
  m_SortingOrder: 0
  m_AdditionalVertexStreams: {fileID: 0}
--- !u!1 &3178485372320795295
GameObject:
  m_ObjectHideFlags: 0
  m_CorrespondingSourceObject: {fileID: 0}
  m_PrefabInstance: {fileID: 0}
  m_PrefabAsset: {fileID: 0}
  serializedVersion: 6
  m_Component:
  - component: {fileID: 3178485372320795294}
  - component: {fileID: 3178485372320795292}
  - component: {fileID: 3178485372320795293}
  m_Layer: 0
  m_Name: SM_TrashBox1_USP (2)
  m_TagString: Untagged
  m_Icon: {fileID: 0}
  m_NavMeshLayer: 0
  m_StaticEditorFlags: 4294967295
  m_IsActive: 1
--- !u!4 &3178485372320795294
Transform:
  m_ObjectHideFlags: 0
  m_CorrespondingSourceObject: {fileID: 0}
  m_PrefabInstance: {fileID: 0}
  m_PrefabAsset: {fileID: 0}
  m_GameObject: {fileID: 3178485372320795295}
  m_LocalRotation: {x: 0.6801789, y: 0.19327912, z: 0.19327894, w: 0.68017876}
  m_LocalPosition: {x: -0.0013880363, y: -0.0040095043, z: -0.0005869496}
  m_LocalScale: {x: 0.0055515454, y: 0.0055515477, z: 0.0055515454}
  m_ConstrainProportionsScale: 0
  m_Children: []
  m_Father: {fileID: 7762311819336908069}
  m_RootOrder: 9
  m_LocalEulerAnglesHint: {x: 0, y: -75.736, z: 0}
--- !u!33 &3178485372320795292
MeshFilter:
  m_ObjectHideFlags: 0
  m_CorrespondingSourceObject: {fileID: 0}
  m_PrefabInstance: {fileID: 0}
  m_PrefabAsset: {fileID: 0}
  m_GameObject: {fileID: 3178485372320795295}
  m_Mesh: {fileID: 6863006770369671676, guid: 9d65ce9af346590408e200f60359a274, type: 3}
--- !u!23 &3178485372320795293
MeshRenderer:
  m_ObjectHideFlags: 0
  m_CorrespondingSourceObject: {fileID: 0}
  m_PrefabInstance: {fileID: 0}
  m_PrefabAsset: {fileID: 0}
  m_GameObject: {fileID: 3178485372320795295}
  m_Enabled: 1
  m_CastShadows: 1
  m_ReceiveShadows: 1
  m_DynamicOccludee: 1
  m_StaticShadowCaster: 0
  m_MotionVectors: 1
  m_LightProbeUsage: 0
  m_ReflectionProbeUsage: 1
  m_RayTracingMode: 2
  m_RayTraceProcedural: 0
  m_RenderingLayerMask: 1
  m_RendererPriority: 0
  m_Materials:
  - {fileID: 2100000, guid: 7e7dd89d61bd1684789df2b2917bd290, type: 2}
  m_StaticBatchInfo:
    firstSubMesh: 0
    subMeshCount: 0
  m_StaticBatchRoot: {fileID: 0}
  m_ProbeAnchor: {fileID: 0}
  m_LightProbeVolumeOverride: {fileID: 0}
  m_ScaleInLightmap: 0.3
  m_ReceiveGI: 1
  m_PreserveUVs: 0
  m_IgnoreNormalsForChartDetection: 0
  m_ImportantGI: 0
  m_StitchLightmapSeams: 1
  m_SelectedEditorRenderState: 3
  m_MinimumChartSize: 4
  m_AutoUVMaxDistance: 0.5
  m_AutoUVMaxAngle: 89
  m_LightmapParameters: {fileID: 0}
  m_SortingLayerID: 0
  m_SortingLayer: 0
  m_SortingOrder: 0
  m_AdditionalVertexStreams: {fileID: 0}
--- !u!1 &3178485373024127319
GameObject:
  m_ObjectHideFlags: 0
  m_CorrespondingSourceObject: {fileID: 0}
  m_PrefabInstance: {fileID: 0}
  m_PrefabAsset: {fileID: 0}
  serializedVersion: 6
  m_Component:
  - component: {fileID: 3178485373024127318}
  - component: {fileID: 3178485373024127316}
  - component: {fileID: 3178485373024127317}
  m_Layer: 0
  m_Name: SM_TrashBox1_USP (4)
  m_TagString: Untagged
  m_Icon: {fileID: 0}
  m_NavMeshLayer: 0
  m_StaticEditorFlags: 4294967295
  m_IsActive: 1
--- !u!4 &3178485373024127318
Transform:
  m_ObjectHideFlags: 0
  m_CorrespondingSourceObject: {fileID: 0}
  m_PrefabInstance: {fileID: 0}
  m_PrefabAsset: {fileID: 0}
  m_GameObject: {fileID: 3178485373024127319}
  m_LocalRotation: {x: 0.5912439, y: -0.38785383, z: -0.3878541, w: 0.5912439}
  m_LocalPosition: {x: -0.018742008, y: -0.0043995227, z: -0.0005869456}
  m_LocalScale: {x: 0.005551545, y: 0.0055515477, z: 0.0055515436}
  m_ConstrainProportionsScale: 0
  m_Children: []
  m_Father: {fileID: 7762311819336908069}
  m_RootOrder: 12
  m_LocalEulerAnglesHint: {x: 0, y: -173.991, z: 0}
--- !u!33 &3178485373024127316
MeshFilter:
  m_ObjectHideFlags: 0
  m_CorrespondingSourceObject: {fileID: 0}
  m_PrefabInstance: {fileID: 0}
  m_PrefabAsset: {fileID: 0}
  m_GameObject: {fileID: 3178485373024127319}
  m_Mesh: {fileID: 6863006770369671676, guid: 9d65ce9af346590408e200f60359a274, type: 3}
--- !u!23 &3178485373024127317
MeshRenderer:
  m_ObjectHideFlags: 0
  m_CorrespondingSourceObject: {fileID: 0}
  m_PrefabInstance: {fileID: 0}
  m_PrefabAsset: {fileID: 0}
  m_GameObject: {fileID: 3178485373024127319}
  m_Enabled: 1
  m_CastShadows: 1
  m_ReceiveShadows: 1
  m_DynamicOccludee: 1
  m_StaticShadowCaster: 0
  m_MotionVectors: 1
  m_LightProbeUsage: 0
  m_ReflectionProbeUsage: 1
  m_RayTracingMode: 2
  m_RayTraceProcedural: 0
  m_RenderingLayerMask: 1
  m_RendererPriority: 0
  m_Materials:
  - {fileID: 2100000, guid: 7e7dd89d61bd1684789df2b2917bd290, type: 2}
  m_StaticBatchInfo:
    firstSubMesh: 0
    subMeshCount: 0
  m_StaticBatchRoot: {fileID: 0}
  m_ProbeAnchor: {fileID: 0}
  m_LightProbeVolumeOverride: {fileID: 0}
  m_ScaleInLightmap: 0.3
  m_ReceiveGI: 1
  m_PreserveUVs: 0
  m_IgnoreNormalsForChartDetection: 0
  m_ImportantGI: 0
  m_StitchLightmapSeams: 1
  m_SelectedEditorRenderState: 3
  m_MinimumChartSize: 4
  m_AutoUVMaxDistance: 0.5
  m_AutoUVMaxAngle: 89
  m_LightmapParameters: {fileID: 0}
  m_SortingLayerID: 0
  m_SortingLayer: 0
  m_SortingOrder: 0
  m_AdditionalVertexStreams: {fileID: 0}
--- !u!1 &3178485373560602202
GameObject:
  m_ObjectHideFlags: 0
  m_CorrespondingSourceObject: {fileID: 0}
  m_PrefabInstance: {fileID: 0}
  m_PrefabAsset: {fileID: 0}
  serializedVersion: 6
  m_Component:
  - component: {fileID: 3178485373560602201}
  - component: {fileID: 3178485373560602207}
  - component: {fileID: 3178485373560602200}
  m_Layer: 0
  m_Name: SM_TrashBox1_USP (3)
  m_TagString: Untagged
  m_Icon: {fileID: 0}
  m_NavMeshLayer: 0
  m_StaticEditorFlags: 4294967295
  m_IsActive: 1
--- !u!4 &3178485373560602201
Transform:
  m_ObjectHideFlags: 0
  m_CorrespondingSourceObject: {fileID: 0}
  m_PrefabInstance: {fileID: 0}
  m_PrefabAsset: {fileID: 0}
  m_GameObject: {fileID: 3178485373560602202}
  m_LocalRotation: {x: 0.7054545, y: -0.048311025, z: -0.048311263, w: 0.70545447}
  m_LocalPosition: {x: -0.017028427, y: 0.002419012, z: -0.0005869443}
  m_LocalScale: {x: 0.005551545, y: 0.0055515477, z: 0.0055515463}
  m_ConstrainProportionsScale: 0
  m_Children: []
  m_Father: {fileID: 7762311819336908069}
  m_RootOrder: 10
  m_LocalEulerAnglesHint: {x: 0, y: -115.297, z: 0}
--- !u!33 &3178485373560602207
MeshFilter:
  m_ObjectHideFlags: 0
  m_CorrespondingSourceObject: {fileID: 0}
  m_PrefabInstance: {fileID: 0}
  m_PrefabAsset: {fileID: 0}
  m_GameObject: {fileID: 3178485373560602202}
  m_Mesh: {fileID: 6863006770369671676, guid: 9d65ce9af346590408e200f60359a274, type: 3}
--- !u!23 &3178485373560602200
MeshRenderer:
  m_ObjectHideFlags: 0
  m_CorrespondingSourceObject: {fileID: 0}
  m_PrefabInstance: {fileID: 0}
  m_PrefabAsset: {fileID: 0}
  m_GameObject: {fileID: 3178485373560602202}
  m_Enabled: 1
  m_CastShadows: 1
  m_ReceiveShadows: 1
  m_DynamicOccludee: 1
  m_StaticShadowCaster: 0
  m_MotionVectors: 1
  m_LightProbeUsage: 0
  m_ReflectionProbeUsage: 1
  m_RayTracingMode: 2
  m_RayTraceProcedural: 0
  m_RenderingLayerMask: 1
  m_RendererPriority: 0
  m_Materials:
  - {fileID: 2100000, guid: 7e7dd89d61bd1684789df2b2917bd290, type: 2}
  m_StaticBatchInfo:
    firstSubMesh: 0
    subMeshCount: 0
  m_StaticBatchRoot: {fileID: 0}
  m_ProbeAnchor: {fileID: 0}
  m_LightProbeVolumeOverride: {fileID: 0}
  m_ScaleInLightmap: 0.3
  m_ReceiveGI: 1
  m_PreserveUVs: 0
  m_IgnoreNormalsForChartDetection: 0
  m_ImportantGI: 0
  m_StitchLightmapSeams: 1
  m_SelectedEditorRenderState: 3
  m_MinimumChartSize: 4
  m_AutoUVMaxDistance: 0.5
  m_AutoUVMaxAngle: 89
  m_LightmapParameters: {fileID: 0}
  m_SortingLayerID: 0
  m_SortingLayer: 0
  m_SortingOrder: 0
  m_AdditionalVertexStreams: {fileID: 0}
--- !u!1 &3662610917459368366
GameObject:
  m_ObjectHideFlags: 0
  m_CorrespondingSourceObject: {fileID: 0}
  m_PrefabInstance: {fileID: 0}
  m_PrefabAsset: {fileID: 0}
  serializedVersion: 6
  m_Component:
  - component: {fileID: 2249683932960627800}
  - component: {fileID: 597919884934463941}
  - component: {fileID: 5743813209871865760}
  m_Layer: 0
  m_Name: trash_1
  m_TagString: Untagged
  m_Icon: {fileID: 0}
  m_NavMeshLayer: 0
  m_StaticEditorFlags: 4294967295
  m_IsActive: 1
--- !u!4 &2249683932960627800
Transform:
  m_ObjectHideFlags: 0
  m_CorrespondingSourceObject: {fileID: 0}
  m_PrefabInstance: {fileID: 0}
  m_PrefabAsset: {fileID: 0}
  m_GameObject: {fileID: 3662610917459368366}
  m_LocalRotation: {x: -0, y: -0, z: -0, w: 1}
  m_LocalPosition: {x: -0.0009510458, y: -0.0010482494, z: 0.00032519567}
  m_LocalScale: {x: 1, y: 1, z: 1}
  m_ConstrainProportionsScale: 0
  m_Children: []
  m_Father: {fileID: 7762311819336908069}
  m_RootOrder: 1
  m_LocalEulerAnglesHint: {x: 0, y: 0, z: 0}
--- !u!33 &597919884934463941
MeshFilter:
  m_ObjectHideFlags: 0
  m_CorrespondingSourceObject: {fileID: 0}
  m_PrefabInstance: {fileID: 0}
  m_PrefabAsset: {fileID: 0}
  m_GameObject: {fileID: 3662610917459368366}
  m_Mesh: {fileID: 2579511714555719839, guid: 02d372f43ca7e974c91609452ccf3111, type: 3}
--- !u!23 &5743813209871865760
MeshRenderer:
  m_ObjectHideFlags: 0
  m_CorrespondingSourceObject: {fileID: 0}
  m_PrefabInstance: {fileID: 0}
  m_PrefabAsset: {fileID: 0}
  m_GameObject: {fileID: 3662610917459368366}
  m_Enabled: 1
  m_CastShadows: 1
  m_ReceiveShadows: 1
  m_DynamicOccludee: 1
  m_StaticShadowCaster: 0
  m_MotionVectors: 1
  m_LightProbeUsage: 0
  m_ReflectionProbeUsage: 0
  m_RayTracingMode: 2
  m_RayTraceProcedural: 0
  m_RenderingLayerMask: 1
  m_RendererPriority: 0
  m_Materials:
  - {fileID: 2100000, guid: 7b7bf1fe5918e0e4d9945f588b59b920, type: 2}
  m_StaticBatchInfo:
    firstSubMesh: 0
    subMeshCount: 0
  m_StaticBatchRoot: {fileID: 0}
  m_ProbeAnchor: {fileID: 0}
  m_LightProbeVolumeOverride: {fileID: 0}
  m_ScaleInLightmap: 0.5
  m_ReceiveGI: 1
  m_PreserveUVs: 0
  m_IgnoreNormalsForChartDetection: 0
  m_ImportantGI: 0
  m_StitchLightmapSeams: 1
  m_SelectedEditorRenderState: 3
  m_MinimumChartSize: 4
  m_AutoUVMaxDistance: 0.5
  m_AutoUVMaxAngle: 89
  m_LightmapParameters: {fileID: 0}
  m_SortingLayerID: 0
  m_SortingLayer: 0
  m_SortingOrder: 0
  m_AdditionalVertexStreams: {fileID: 0}
--- !u!1 &3822215217510332658
GameObject:
  m_ObjectHideFlags: 0
  m_CorrespondingSourceObject: {fileID: 0}
  m_PrefabInstance: {fileID: 0}
  m_PrefabAsset: {fileID: 0}
  serializedVersion: 6
  m_Component:
  - component: {fileID: 5467531636987178158}
  - component: {fileID: 3257572024326101052}
  - component: {fileID: 2190765603744663092}
  m_Layer: 0
  m_Name: trash_1
  m_TagString: Untagged
  m_Icon: {fileID: 0}
  m_NavMeshLayer: 0
  m_StaticEditorFlags: 4294967295
  m_IsActive: 1
--- !u!4 &5467531636987178158
Transform:
  m_ObjectHideFlags: 0
  m_CorrespondingSourceObject: {fileID: 0}
  m_PrefabInstance: {fileID: 0}
  m_PrefabAsset: {fileID: 0}
  m_GameObject: {fileID: 3822215217510332658}
  m_LocalRotation: {x: 0, y: -0, z: -0, w: 1}
  m_LocalPosition: {x: -0.00095104455, y: -0.0010482407, z: 0.00032519564}
  m_LocalScale: {x: 1, y: 1, z: 1}
  m_ConstrainProportionsScale: 0
  m_Children: []
  m_Father: {fileID: 2703206625205556443}
  m_RootOrder: 0
  m_LocalEulerAnglesHint: {x: 0, y: 0, z: 0}
--- !u!33 &3257572024326101052
MeshFilter:
  m_ObjectHideFlags: 0
  m_CorrespondingSourceObject: {fileID: 0}
  m_PrefabInstance: {fileID: 0}
  m_PrefabAsset: {fileID: 0}
  m_GameObject: {fileID: 3822215217510332658}
  m_Mesh: {fileID: 2579511714555719839, guid: 02d372f43ca7e974c91609452ccf3111, type: 3}
--- !u!23 &2190765603744663092
MeshRenderer:
  m_ObjectHideFlags: 0
  m_CorrespondingSourceObject: {fileID: 0}
  m_PrefabInstance: {fileID: 0}
  m_PrefabAsset: {fileID: 0}
  m_GameObject: {fileID: 3822215217510332658}
  m_Enabled: 1
  m_CastShadows: 1
  m_ReceiveShadows: 1
  m_DynamicOccludee: 1
  m_StaticShadowCaster: 0
  m_MotionVectors: 1
  m_LightProbeUsage: 0
  m_ReflectionProbeUsage: 0
  m_RayTracingMode: 2
  m_RayTraceProcedural: 0
  m_RenderingLayerMask: 1
  m_RendererPriority: 0
  m_Materials:
  - {fileID: 2100000, guid: 7b7bf1fe5918e0e4d9945f588b59b920, type: 2}
  m_StaticBatchInfo:
    firstSubMesh: 0
    subMeshCount: 0
  m_StaticBatchRoot: {fileID: 0}
  m_ProbeAnchor: {fileID: 0}
  m_LightProbeVolumeOverride: {fileID: 0}
  m_ScaleInLightmap: 0.5
  m_ReceiveGI: 1
  m_PreserveUVs: 0
  m_IgnoreNormalsForChartDetection: 0
  m_ImportantGI: 0
  m_StitchLightmapSeams: 1
  m_SelectedEditorRenderState: 3
  m_MinimumChartSize: 4
  m_AutoUVMaxDistance: 0.5
  m_AutoUVMaxAngle: 89
  m_LightmapParameters: {fileID: 0}
  m_SortingLayerID: 0
  m_SortingLayer: 0
  m_SortingOrder: 0
  m_AdditionalVertexStreams: {fileID: 0}
--- !u!1 &5026979667882252665
GameObject:
  m_ObjectHideFlags: 0
  m_CorrespondingSourceObject: {fileID: 0}
  m_PrefabInstance: {fileID: 0}
  m_PrefabAsset: {fileID: 0}
  serializedVersion: 6
  m_Component:
  - component: {fileID: 2703206625205556443}
  - component: {fileID: 4673552206688495416}
  - component: {fileID: 5549440253597024191}
  m_Layer: 0
  m_Name: Trash_V04 (2)
  m_TagString: Untagged
  m_Icon: {fileID: 0}
  m_NavMeshLayer: 0
  m_StaticEditorFlags: 4294967295
  m_IsActive: 1
--- !u!4 &2703206625205556443
Transform:
  m_ObjectHideFlags: 0
  m_CorrespondingSourceObject: {fileID: 0}
  m_PrefabInstance: {fileID: 0}
  m_PrefabAsset: {fileID: 0}
  m_GameObject: {fileID: 5026979667882252665}
  m_LocalRotation: {x: -0.00000023841858, y: -0.00000011920929, z: -0.75616896, w: 0.6543765}
  m_LocalPosition: {x: -0.015009833, y: -0.0064030807, z: 0}
  m_LocalScale: {x: 1, y: 1, z: 1}
  m_ConstrainProportionsScale: 0
  m_Children:
  - {fileID: 5467531636987178158}
  - {fileID: 2324092857383734470}
  m_Father: {fileID: 7762311819336908069}
  m_RootOrder: 13
  m_LocalEulerAnglesHint: {x: -89.972, y: 0, z: -205.717}
--- !u!33 &4673552206688495416
MeshFilter:
  m_ObjectHideFlags: 0
  m_CorrespondingSourceObject: {fileID: 0}
  m_PrefabInstance: {fileID: 0}
  m_PrefabAsset: {fileID: 0}
  m_GameObject: {fileID: 5026979667882252665}
  m_Mesh: {fileID: -5901869984154472415, guid: 02d372f43ca7e974c91609452ccf3111, type: 3}
--- !u!23 &5549440253597024191
MeshRenderer:
  m_ObjectHideFlags: 0
  m_CorrespondingSourceObject: {fileID: 0}
  m_PrefabInstance: {fileID: 0}
  m_PrefabAsset: {fileID: 0}
  m_GameObject: {fileID: 5026979667882252665}
  m_Enabled: 1
  m_CastShadows: 0
  m_ReceiveShadows: 1
  m_DynamicOccludee: 1
  m_StaticShadowCaster: 0
  m_MotionVectors: 1
  m_LightProbeUsage: 0
  m_ReflectionProbeUsage: 0
  m_RayTracingMode: 2
  m_RayTraceProcedural: 0
  m_RenderingLayerMask: 1
  m_RendererPriority: 0
  m_Materials:
  - {fileID: 2100000, guid: 7b7bf1fe5918e0e4d9945f588b59b920, type: 2}
  m_StaticBatchInfo:
    firstSubMesh: 0
    subMeshCount: 0
  m_StaticBatchRoot: {fileID: 0}
  m_ProbeAnchor: {fileID: 0}
  m_LightProbeVolumeOverride: {fileID: 0}
  m_ScaleInLightmap: 0.5
  m_ReceiveGI: 1
  m_PreserveUVs: 0
  m_IgnoreNormalsForChartDetection: 0
  m_ImportantGI: 0
  m_StitchLightmapSeams: 1
  m_SelectedEditorRenderState: 3
  m_MinimumChartSize: 4
  m_AutoUVMaxDistance: 0.5
  m_AutoUVMaxAngle: 89
  m_LightmapParameters: {fileID: 0}
  m_SortingLayerID: 0
  m_SortingLayer: 0
  m_SortingOrder: 0
  m_AdditionalVertexStreams: {fileID: 0}
--- !u!1 &5092084130831631578
GameObject:
  m_ObjectHideFlags: 0
  m_CorrespondingSourceObject: {fileID: 0}
  m_PrefabInstance: {fileID: 0}
  m_PrefabAsset: {fileID: 0}
  serializedVersion: 6
  m_Component:
  - component: {fileID: 3115334971286493836}
  - component: {fileID: 2756421008355907063}
  - component: {fileID: 4663382861307024413}
  m_Layer: 0
  m_Name: SM_TrashCan_USP (2)
  m_TagString: Untagged
  m_Icon: {fileID: 0}
  m_NavMeshLayer: 0
  m_StaticEditorFlags: 4294967295
  m_IsActive: 1
--- !u!4 &3115334971286493836
Transform:
  m_ObjectHideFlags: 0
  m_CorrespondingSourceObject: {fileID: 0}
  m_PrefabInstance: {fileID: 0}
  m_PrefabAsset: {fileID: 0}
  m_GameObject: {fileID: 5092084130831631578}
  m_LocalRotation: {x: 0.7222353, y: 0.09509872, z: 0.6841717, w: -0.035234958}
  m_LocalPosition: {x: -0.003513173, y: 0.0067503513, z: 0.00056495646}
  m_LocalScale: {x: 0.0055515473, y: 0.005551547, z: 0.0055515445}
  m_ConstrainProportionsScale: 0
  m_Children: []
  m_Father: {fileID: 7762311819336908069}
  m_RootOrder: 7
  m_LocalEulerAnglesHint: {x: 3.516, y: -7.013, z: 85.447}
--- !u!33 &2756421008355907063
MeshFilter:
  m_ObjectHideFlags: 0
  m_CorrespondingSourceObject: {fileID: 0}
  m_PrefabInstance: {fileID: 0}
  m_PrefabAsset: {fileID: 0}
  m_GameObject: {fileID: 5092084130831631578}
  m_Mesh: {fileID: -7168421407046553488, guid: 9d65ce9af346590408e200f60359a274, type: 3}
--- !u!23 &4663382861307024413
MeshRenderer:
  m_ObjectHideFlags: 0
  m_CorrespondingSourceObject: {fileID: 0}
  m_PrefabInstance: {fileID: 0}
  m_PrefabAsset: {fileID: 0}
  m_GameObject: {fileID: 5092084130831631578}
  m_Enabled: 1
  m_CastShadows: 1
  m_ReceiveShadows: 1
  m_DynamicOccludee: 1
  m_StaticShadowCaster: 0
  m_MotionVectors: 1
  m_LightProbeUsage: 0
  m_ReflectionProbeUsage: 1
  m_RayTracingMode: 2
  m_RayTraceProcedural: 0
  m_RenderingLayerMask: 1
  m_RendererPriority: 0
  m_Materials:
  - {fileID: 2100000, guid: 7e7dd89d61bd1684789df2b2917bd290, type: 2}
  m_StaticBatchInfo:
    firstSubMesh: 0
    subMeshCount: 0
  m_StaticBatchRoot: {fileID: 0}
  m_ProbeAnchor: {fileID: 0}
  m_LightProbeVolumeOverride: {fileID: 0}
  m_ScaleInLightmap: 0.3
  m_ReceiveGI: 1
  m_PreserveUVs: 0
  m_IgnoreNormalsForChartDetection: 0
  m_ImportantGI: 0
  m_StitchLightmapSeams: 1
  m_SelectedEditorRenderState: 3
  m_MinimumChartSize: 4
  m_AutoUVMaxDistance: 0.5
  m_AutoUVMaxAngle: 89
  m_LightmapParameters: {fileID: 0}
  m_SortingLayerID: 0
  m_SortingLayer: 0
  m_SortingOrder: 0
  m_AdditionalVertexStreams: {fileID: 0}
--- !u!1 &5747692995709133755
GameObject:
  m_ObjectHideFlags: 0
  m_CorrespondingSourceObject: {fileID: 0}
  m_PrefabInstance: {fileID: 0}
  m_PrefabAsset: {fileID: 0}
  serializedVersion: 6
  m_Component:
  - component: {fileID: 5400627843251297424}
  - component: {fileID: 5487528888040361672}
  - component: {fileID: 3607067375936035864}
  m_Layer: 0
  m_Name: Trash_V05 (2)
  m_TagString: Untagged
  m_Icon: {fileID: 0}
  m_NavMeshLayer: 0
  m_StaticEditorFlags: 4294967295
  m_IsActive: 1
--- !u!4 &5400627843251297424
Transform:
  m_ObjectHideFlags: 0
  m_CorrespondingSourceObject: {fileID: 0}
  m_PrefabInstance: {fileID: 0}
  m_PrefabAsset: {fileID: 0}
  m_GameObject: {fileID: 5747692995709133755}
  m_LocalRotation: {x: -0.00000008940697, y: 0.00000017881393, z: -0.847542, w: 0.5307284}
  m_LocalPosition: {x: 0.014715887, y: 0.027332054, z: -0.00066088414}
  m_LocalScale: {x: 2.5855658, y: 3.8930838, z: 8.085592}
  m_ConstrainProportionsScale: 0
  m_Children: []
  m_Father: {fileID: 7762311819336908069}
  m_RootOrder: 16
  m_LocalEulerAnglesHint: {x: -90, y: 0, z: -43.19}
--- !u!33 &5487528888040361672
MeshFilter:
  m_ObjectHideFlags: 0
  m_CorrespondingSourceObject: {fileID: 0}
  m_PrefabInstance: {fileID: 0}
  m_PrefabAsset: {fileID: 0}
  m_GameObject: {fileID: 5747692995709133755}
  m_Mesh: {fileID: 532740139631451553, guid: 02d372f43ca7e974c91609452ccf3111, type: 3}
--- !u!23 &3607067375936035864
MeshRenderer:
  m_ObjectHideFlags: 0
  m_CorrespondingSourceObject: {fileID: 0}
  m_PrefabInstance: {fileID: 0}
  m_PrefabAsset: {fileID: 0}
  m_GameObject: {fileID: 5747692995709133755}
  m_Enabled: 1
  m_CastShadows: 1
  m_ReceiveShadows: 1
  m_DynamicOccludee: 1
  m_StaticShadowCaster: 0
  m_MotionVectors: 1
  m_LightProbeUsage: 0
  m_ReflectionProbeUsage: 0
  m_RayTracingMode: 2
  m_RayTraceProcedural: 0
  m_RenderingLayerMask: 1
  m_RendererPriority: 0
  m_Materials:
  - {fileID: 2100000, guid: 7b7bf1fe5918e0e4d9945f588b59b920, type: 2}
  m_StaticBatchInfo:
    firstSubMesh: 0
    subMeshCount: 0
  m_StaticBatchRoot: {fileID: 0}
  m_ProbeAnchor: {fileID: 0}
  m_LightProbeVolumeOverride: {fileID: 0}
  m_ScaleInLightmap: 0.5
  m_ReceiveGI: 1
  m_PreserveUVs: 0
  m_IgnoreNormalsForChartDetection: 0
  m_ImportantGI: 0
  m_StitchLightmapSeams: 1
  m_SelectedEditorRenderState: 3
  m_MinimumChartSize: 4
  m_AutoUVMaxDistance: 0.5
  m_AutoUVMaxAngle: 89
  m_LightmapParameters: {fileID: 0}
  m_SortingLayerID: 0
  m_SortingLayer: 0
  m_SortingOrder: 0
  m_AdditionalVertexStreams: {fileID: 0}
--- !u!1 &6692725174181995909
GameObject:
  m_ObjectHideFlags: 0
  m_CorrespondingSourceObject: {fileID: 0}
  m_PrefabInstance: {fileID: 0}
  m_PrefabAsset: {fileID: 0}
  serializedVersion: 6
  m_Component:
  - component: {fileID: 6444048212048487853}
  - component: {fileID: 6222337332316088390}
  - component: {fileID: 2371969056775843206}
  m_Layer: 0
  m_Name: Trash_V05 (5)
  m_TagString: Untagged
  m_Icon: {fileID: 0}
  m_NavMeshLayer: 0
  m_StaticEditorFlags: 4294967295
  m_IsActive: 1
--- !u!4 &6444048212048487853
Transform:
  m_ObjectHideFlags: 0
  m_CorrespondingSourceObject: {fileID: 0}
  m_PrefabInstance: {fileID: 0}
  m_PrefabAsset: {fileID: 0}
  m_GameObject: {fileID: 6692725174181995909}
  m_LocalRotation: {x: -0.0000001937151, y: 0.000000022351742, z: -0.95593154, w: -0.29358983}
  m_LocalPosition: {x: 0.015967838, y: 0.003419467, z: -0.00074946287}
  m_LocalScale: {x: 2.5855656, y: 2.5855653, z: 5.039011}
  m_ConstrainProportionsScale: 0
  m_Children: []
  m_Father: {fileID: 7762311819336908069}
  m_RootOrder: 18
  m_LocalEulerAnglesHint: {x: -90, y: 0, z: -141.445}
--- !u!33 &6222337332316088390
MeshFilter:
  m_ObjectHideFlags: 0
  m_CorrespondingSourceObject: {fileID: 0}
  m_PrefabInstance: {fileID: 0}
  m_PrefabAsset: {fileID: 0}
  m_GameObject: {fileID: 6692725174181995909}
  m_Mesh: {fileID: 532740139631451553, guid: 02d372f43ca7e974c91609452ccf3111, type: 3}
--- !u!23 &2371969056775843206
MeshRenderer:
  m_ObjectHideFlags: 0
  m_CorrespondingSourceObject: {fileID: 0}
  m_PrefabInstance: {fileID: 0}
  m_PrefabAsset: {fileID: 0}
  m_GameObject: {fileID: 6692725174181995909}
  m_Enabled: 1
  m_CastShadows: 1
  m_ReceiveShadows: 1
  m_DynamicOccludee: 1
  m_StaticShadowCaster: 0
  m_MotionVectors: 1
  m_LightProbeUsage: 0
  m_ReflectionProbeUsage: 0
  m_RayTracingMode: 2
  m_RayTraceProcedural: 0
  m_RenderingLayerMask: 1
  m_RendererPriority: 0
  m_Materials:
  - {fileID: 2100000, guid: 7b7bf1fe5918e0e4d9945f588b59b920, type: 2}
  m_StaticBatchInfo:
    firstSubMesh: 0
    subMeshCount: 0
  m_StaticBatchRoot: {fileID: 0}
  m_ProbeAnchor: {fileID: 0}
  m_LightProbeVolumeOverride: {fileID: 0}
  m_ScaleInLightmap: 0.5
  m_ReceiveGI: 1
  m_PreserveUVs: 0
  m_IgnoreNormalsForChartDetection: 0
  m_ImportantGI: 0
  m_StitchLightmapSeams: 1
  m_SelectedEditorRenderState: 3
  m_MinimumChartSize: 4
  m_AutoUVMaxDistance: 0.5
  m_AutoUVMaxAngle: 89
  m_LightmapParameters: {fileID: 0}
  m_SortingLayerID: 0
  m_SortingLayer: 0
  m_SortingOrder: 0
  m_AdditionalVertexStreams: {fileID: 0}
--- !u!1 &6692725174713032813
GameObject:
  m_ObjectHideFlags: 0
  m_CorrespondingSourceObject: {fileID: 0}
  m_PrefabInstance: {fileID: 0}
  m_PrefabAsset: {fileID: 0}
  serializedVersion: 6
  m_Component:
  - component: {fileID: 6444048211515482181}
  - component: {fileID: 6222337332849225134}
  - component: {fileID: 2371969056236152942}
  m_Layer: 0
  m_Name: Trash_V05 (4)
  m_TagString: Untagged
  m_Icon: {fileID: 0}
  m_NavMeshLayer: 0
  m_StaticEditorFlags: 4294967295
  m_IsActive: 1
--- !u!4 &6444048211515482181
Transform:
  m_ObjectHideFlags: 0
  m_CorrespondingSourceObject: {fileID: 0}
  m_PrefabInstance: {fileID: 0}
  m_PrefabAsset: {fileID: 0}
  m_GameObject: {fileID: 6692725174713032813}
  m_LocalRotation: {x: -0.00000017881392, y: 0.000000059604638, z: -0.9968871, w: 0.07884217}
  m_LocalPosition: {x: -0.0013059533, y: -0.01382467, z: -0.0006689024}
  m_LocalScale: {x: 1.5263977, y: 1.5263981, z: 1.5263976}
  m_ConstrainProportionsScale: 0
  m_Children: []
  m_Father: {fileID: 7762311819336908069}
  m_RootOrder: 17
  m_LocalEulerAnglesHint: {x: -90, y: 0, z: -98.255}
--- !u!33 &6222337332849225134
MeshFilter:
  m_ObjectHideFlags: 0
  m_CorrespondingSourceObject: {fileID: 0}
  m_PrefabInstance: {fileID: 0}
  m_PrefabAsset: {fileID: 0}
  m_GameObject: {fileID: 6692725174713032813}
  m_Mesh: {fileID: 532740139631451553, guid: 02d372f43ca7e974c91609452ccf3111, type: 3}
--- !u!23 &2371969056236152942
MeshRenderer:
  m_ObjectHideFlags: 0
  m_CorrespondingSourceObject: {fileID: 0}
  m_PrefabInstance: {fileID: 0}
  m_PrefabAsset: {fileID: 0}
  m_GameObject: {fileID: 6692725174713032813}
  m_Enabled: 1
  m_CastShadows: 1
  m_ReceiveShadows: 1
  m_DynamicOccludee: 1
  m_StaticShadowCaster: 0
  m_MotionVectors: 1
  m_LightProbeUsage: 0
  m_ReflectionProbeUsage: 0
  m_RayTracingMode: 2
  m_RayTraceProcedural: 0
  m_RenderingLayerMask: 1
  m_RendererPriority: 0
  m_Materials:
  - {fileID: 2100000, guid: 7b7bf1fe5918e0e4d9945f588b59b920, type: 2}
  m_StaticBatchInfo:
    firstSubMesh: 0
    subMeshCount: 0
  m_StaticBatchRoot: {fileID: 0}
  m_ProbeAnchor: {fileID: 0}
  m_LightProbeVolumeOverride: {fileID: 0}
  m_ScaleInLightmap: 0.5
  m_ReceiveGI: 1
  m_PreserveUVs: 0
  m_IgnoreNormalsForChartDetection: 0
  m_ImportantGI: 0
  m_StitchLightmapSeams: 1
  m_SelectedEditorRenderState: 3
  m_MinimumChartSize: 4
  m_AutoUVMaxDistance: 0.5
  m_AutoUVMaxAngle: 89
  m_LightmapParameters: {fileID: 0}
  m_SortingLayerID: 0
  m_SortingLayer: 0
  m_SortingOrder: 0
  m_AdditionalVertexStreams: {fileID: 0}
--- !u!1 &7228221064745635248
GameObject:
  m_ObjectHideFlags: 0
  m_CorrespondingSourceObject: {fileID: 0}
  m_PrefabInstance: {fileID: 0}
  m_PrefabAsset: {fileID: 0}
  serializedVersion: 6
  m_Component:
  - component: {fileID: 2324092857383734470}
  - component: {fileID: 159607951774520082}
  - component: {fileID: 9217610072108360446}
  m_Layer: 0
  m_Name: trash_2
  m_TagString: Untagged
  m_Icon: {fileID: 0}
  m_NavMeshLayer: 0
  m_StaticEditorFlags: 4294967295
  m_IsActive: 1
--- !u!4 &2324092857383734470
Transform:
  m_ObjectHideFlags: 0
  m_CorrespondingSourceObject: {fileID: 0}
  m_PrefabInstance: {fileID: 0}
  m_PrefabAsset: {fileID: 0}
  m_GameObject: {fileID: 7228221064745635248}
  m_LocalRotation: {x: 0, y: -0, z: -0, w: 1}
  m_LocalPosition: {x: -0.00041186094, y: 0.0024842452, z: 0.000020606676}
  m_LocalScale: {x: 1, y: 1, z: 1}
  m_ConstrainProportionsScale: 0
  m_Children: []
  m_Father: {fileID: 2703206625205556443}
  m_RootOrder: 1
  m_LocalEulerAnglesHint: {x: 0, y: 0, z: 0}
--- !u!33 &159607951774520082
MeshFilter:
  m_ObjectHideFlags: 0
  m_CorrespondingSourceObject: {fileID: 0}
  m_PrefabInstance: {fileID: 0}
  m_PrefabAsset: {fileID: 0}
  m_GameObject: {fileID: 7228221064745635248}
  m_Mesh: {fileID: 7931684991463765115, guid: 02d372f43ca7e974c91609452ccf3111, type: 3}
--- !u!23 &9217610072108360446
MeshRenderer:
  m_ObjectHideFlags: 0
  m_CorrespondingSourceObject: {fileID: 0}
  m_PrefabInstance: {fileID: 0}
  m_PrefabAsset: {fileID: 0}
  m_GameObject: {fileID: 7228221064745635248}
  m_Enabled: 1
  m_CastShadows: 1
  m_ReceiveShadows: 1
  m_DynamicOccludee: 1
  m_StaticShadowCaster: 0
  m_MotionVectors: 1
  m_LightProbeUsage: 0
  m_ReflectionProbeUsage: 0
  m_RayTracingMode: 2
  m_RayTraceProcedural: 0
  m_RenderingLayerMask: 1
  m_RendererPriority: 0
  m_Materials:
  - {fileID: 2100000, guid: 7b7bf1fe5918e0e4d9945f588b59b920, type: 2}
  m_StaticBatchInfo:
    firstSubMesh: 0
    subMeshCount: 0
  m_StaticBatchRoot: {fileID: 0}
  m_ProbeAnchor: {fileID: 0}
  m_LightProbeVolumeOverride: {fileID: 0}
  m_ScaleInLightmap: 0.5
  m_ReceiveGI: 1
  m_PreserveUVs: 0
  m_IgnoreNormalsForChartDetection: 0
  m_ImportantGI: 0
  m_StitchLightmapSeams: 1
  m_SelectedEditorRenderState: 3
  m_MinimumChartSize: 4
  m_AutoUVMaxDistance: 0.5
  m_AutoUVMaxAngle: 89
  m_LightmapParameters: {fileID: 0}
  m_SortingLayerID: 0
  m_SortingLayer: 0
  m_SortingOrder: 0
  m_AdditionalVertexStreams: {fileID: 0}
--- !u!1 &7828179345418903118
GameObject:
  m_ObjectHideFlags: 0
  m_CorrespondingSourceObject: {fileID: 0}
  m_PrefabInstance: {fileID: 0}
  m_PrefabAsset: {fileID: 0}
  serializedVersion: 6
  m_Component:
  - component: {fileID: 7762311819336908069}
  m_Layer: 0
  m_Name: SM_TrashPile
  m_TagString: Untagged
  m_Icon: {fileID: 0}
  m_NavMeshLayer: 0
  m_StaticEditorFlags: 0
  m_IsActive: 1
--- !u!4 &7762311819336908069
Transform:
  m_ObjectHideFlags: 0
  m_CorrespondingSourceObject: {fileID: 0}
  m_PrefabInstance: {fileID: 0}
  m_PrefabAsset: {fileID: 0}
  m_GameObject: {fileID: 7828179345418903118}
  m_LocalRotation: {x: -0.56950974, y: 0.41911635, z: 0.41911662, w: 0.5695098}
  m_LocalPosition: {x: 40.382362, y: 0.065, z: 90.21489}
  m_LocalScale: {x: 180.13004, y: 180.12999, z: 180.12994}
  m_ConstrainProportionsScale: 0
  m_Children:
  - {fileID: 1950476257646564490}
  - {fileID: 2249683932960627800}
  - {fileID: 631739018992957446}
  - {fileID: 8697326191985680035}
  - {fileID: 69695011735100343}
  - {fileID: 1384647885694463771}
  - {fileID: 69695011803360019}
  - {fileID: 3115334971286493836}
  - {fileID: 8697326192430803520}
  - {fileID: 3178485372320795294}
  - {fileID: 3178485373560602201}
  - {fileID: 8697326191943777922}
  - {fileID: 3178485373024127318}
  - {fileID: 2703206625205556443}
  - {fileID: 8697326192576227951}
  - {fileID: 4718999055433543129}
  - {fileID: 5400627843251297424}
  - {fileID: 6444048211515482181}
  - {fileID: 6444048212048487853}
  m_Father: {fileID: 0}
  m_RootOrder: 0
  m_LocalEulerAnglesHint: {x: 0, y: 0, z: 0}
--- !u!1 &8658102549733160348
GameObject:
  m_ObjectHideFlags: 0
  m_CorrespondingSourceObject: {fileID: 0}
  m_PrefabInstance: {fileID: 0}
  m_PrefabAsset: {fileID: 0}
  serializedVersion: 6
  m_Component:
  - component: {fileID: 69695011735100343}
  - component: {fileID: 7606563776852534413}
  - component: {fileID: 1587245838122101503}
  m_Layer: 0
  m_Name: SM_TrashCanCap_USP (1)
  m_TagString: Untagged
  m_Icon: {fileID: 0}
  m_NavMeshLayer: 0
  m_StaticEditorFlags: 4294967295
  m_IsActive: 1
--- !u!4 &69695011735100343
Transform:
  m_ObjectHideFlags: 0
  m_CorrespondingSourceObject: {fileID: 0}
  m_PrefabInstance: {fileID: 0}
  m_PrefabAsset: {fileID: 0}
  m_GameObject: {fileID: 8658102549733160348}
  m_LocalRotation: {x: 0.6034081, y: 0.36864468, z: 0.3686446, w: 0.60340786}
  m_LocalPosition: {x: -0.005173556, y: 0.0022482048, z: 0.0045458814}
  m_LocalScale: {x: 0.0055515473, y: 0.0055515477, z: 0.005551546}
  m_ConstrainProportionsScale: 0
  m_Children: []
  m_Father: {fileID: 7762311819336908069}
  m_RootOrder: 4
  m_LocalEulerAnglesHint: {x: 0, y: -44.617, z: 0}
--- !u!33 &7606563776852534413
MeshFilter:
  m_ObjectHideFlags: 0
  m_CorrespondingSourceObject: {fileID: 0}
  m_PrefabInstance: {fileID: 0}
  m_PrefabAsset: {fileID: 0}
  m_GameObject: {fileID: 8658102549733160348}
  m_Mesh: {fileID: 3635979865626750097, guid: 9d65ce9af346590408e200f60359a274, type: 3}
--- !u!23 &1587245838122101503
MeshRenderer:
  m_ObjectHideFlags: 0
  m_CorrespondingSourceObject: {fileID: 0}
  m_PrefabInstance: {fileID: 0}
  m_PrefabAsset: {fileID: 0}
  m_GameObject: {fileID: 8658102549733160348}
  m_Enabled: 1
  m_CastShadows: 1
  m_ReceiveShadows: 1
  m_DynamicOccludee: 1
  m_StaticShadowCaster: 0
  m_MotionVectors: 1
  m_LightProbeUsage: 0
  m_ReflectionProbeUsage: 1
  m_RayTracingMode: 2
  m_RayTraceProcedural: 0
  m_RenderingLayerMask: 1
  m_RendererPriority: 0
  m_Materials:
  - {fileID: 2100000, guid: 7e7dd89d61bd1684789df2b2917bd290, type: 2}
  m_StaticBatchInfo:
    firstSubMesh: 0
    subMeshCount: 0
  m_StaticBatchRoot: {fileID: 0}
  m_ProbeAnchor: {fileID: 0}
  m_LightProbeVolumeOverride: {fileID: 0}
  m_ScaleInLightmap: 0.3
  m_ReceiveGI: 1
  m_PreserveUVs: 0
  m_IgnoreNormalsForChartDetection: 0
  m_ImportantGI: 0
  m_StitchLightmapSeams: 1
  m_SelectedEditorRenderState: 3
  m_MinimumChartSize: 4
  m_AutoUVMaxDistance: 0.5
  m_AutoUVMaxAngle: 89
  m_LightmapParameters: {fileID: 0}
  m_SortingLayerID: 0
  m_SortingLayer: 0
  m_SortingOrder: 0
  m_AdditionalVertexStreams: {fileID: 0}
--- !u!1 &8658102549797012792
GameObject:
  m_ObjectHideFlags: 0
  m_CorrespondingSourceObject: {fileID: 0}
  m_PrefabInstance: {fileID: 0}
  m_PrefabAsset: {fileID: 0}
  serializedVersion: 6
  m_Component:
  - component: {fileID: 69695011803360019}
  - component: {fileID: 7606563776918688809}
  - component: {fileID: 1587245838186158683}
  m_Layer: 0
  m_Name: SM_TrashCanCap_USP (2)
  m_TagString: Untagged
  m_Icon: {fileID: 0}
  m_NavMeshLayer: 0
  m_StaticEditorFlags: 4294967295
  m_IsActive: 1
--- !u!4 &69695011803360019
Transform:
  m_ObjectHideFlags: 0
  m_CorrespondingSourceObject: {fileID: 0}
  m_PrefabInstance: {fileID: 0}
  m_PrefabAsset: {fileID: 0}
  m_GameObject: {fileID: 8658102549797012792}
  m_LocalRotation: {x: 0.6034081, y: 0.36864468, z: 0.3686446, w: 0.60340786}
  m_LocalPosition: {x: -0.00620926, y: 0.0051318943, z: 0.0045458823}
  m_LocalScale: {x: 0.0055515473, y: 0.0055515477, z: 0.005551546}
  m_ConstrainProportionsScale: 0
  m_Children: []
  m_Father: {fileID: 7762311819336908069}
  m_RootOrder: 6
  m_LocalEulerAnglesHint: {x: 0, y: -44.617, z: 0}
--- !u!33 &7606563776918688809
MeshFilter:
  m_ObjectHideFlags: 0
  m_CorrespondingSourceObject: {fileID: 0}
  m_PrefabInstance: {fileID: 0}
  m_PrefabAsset: {fileID: 0}
  m_GameObject: {fileID: 8658102549797012792}
  m_Mesh: {fileID: 3635979865626750097, guid: 9d65ce9af346590408e200f60359a274, type: 3}
--- !u!23 &1587245838186158683
MeshRenderer:
  m_ObjectHideFlags: 0
  m_CorrespondingSourceObject: {fileID: 0}
  m_PrefabInstance: {fileID: 0}
  m_PrefabAsset: {fileID: 0}
  m_GameObject: {fileID: 8658102549797012792}
  m_Enabled: 1
  m_CastShadows: 1
  m_ReceiveShadows: 1
  m_DynamicOccludee: 1
  m_StaticShadowCaster: 0
  m_MotionVectors: 1
  m_LightProbeUsage: 0
  m_ReflectionProbeUsage: 1
  m_RayTracingMode: 2
  m_RayTraceProcedural: 0
  m_RenderingLayerMask: 1
  m_RendererPriority: 0
  m_Materials:
  - {fileID: 2100000, guid: 7e7dd89d61bd1684789df2b2917bd290, type: 2}
  m_StaticBatchInfo:
    firstSubMesh: 0
    subMeshCount: 0
  m_StaticBatchRoot: {fileID: 0}
  m_ProbeAnchor: {fileID: 0}
  m_LightProbeVolumeOverride: {fileID: 0}
  m_ScaleInLightmap: 0.3
  m_ReceiveGI: 1
  m_PreserveUVs: 0
  m_IgnoreNormalsForChartDetection: 0
  m_ImportantGI: 0
  m_StitchLightmapSeams: 1
  m_SelectedEditorRenderState: 3
  m_MinimumChartSize: 4
  m_AutoUVMaxDistance: 0.5
  m_AutoUVMaxAngle: 89
  m_LightmapParameters: {fileID: 0}
  m_SortingLayerID: 0
  m_SortingLayer: 0
  m_SortingOrder: 0
  m_AdditionalVertexStreams: {fileID: 0}
--- !u!1 &8886068909279336744
GameObject:
  m_ObjectHideFlags: 0
  m_CorrespondingSourceObject: {fileID: 0}
  m_PrefabInstance: {fileID: 0}
  m_PrefabAsset: {fileID: 0}
  serializedVersion: 6
  m_Component:
  - component: {fileID: 1950476257646564490}
  - component: {fileID: 9099814625602332521}
  - component: {fileID: 8327526565057413102}
  m_Layer: 0
  m_Name: Trash_V04
  m_TagString: Untagged
  m_Icon: {fileID: 0}
  m_NavMeshLayer: 0
  m_StaticEditorFlags: 4294967295
  m_IsActive: 1
--- !u!4 &1950476257646564490
Transform:
  m_ObjectHideFlags: 0
  m_CorrespondingSourceObject: {fileID: 0}
  m_PrefabInstance: {fileID: 0}
  m_PrefabAsset: {fileID: 0}
  m_GameObject: {fileID: 8886068909279336744}
  m_LocalRotation: {x: -0, y: -0, z: -0, w: 1}
  m_LocalPosition: {x: 0, y: 0, z: 0}
  m_LocalScale: {x: 1, y: 1, z: 1}
  m_ConstrainProportionsScale: 0
  m_Children: []
  m_Father: {fileID: 7762311819336908069}
  m_RootOrder: 0
  m_LocalEulerAnglesHint: {x: -90, y: 0, z: -107.462}
--- !u!33 &9099814625602332521
MeshFilter:
  m_ObjectHideFlags: 0
  m_CorrespondingSourceObject: {fileID: 0}
  m_PrefabInstance: {fileID: 0}
  m_PrefabAsset: {fileID: 0}
  m_GameObject: {fileID: 8886068909279336744}
  m_Mesh: {fileID: -5901869984154472415, guid: 02d372f43ca7e974c91609452ccf3111, type: 3}
--- !u!23 &8327526565057413102
MeshRenderer:
  m_ObjectHideFlags: 0
  m_CorrespondingSourceObject: {fileID: 0}
  m_PrefabInstance: {fileID: 0}
  m_PrefabAsset: {fileID: 0}
  m_GameObject: {fileID: 8886068909279336744}
  m_Enabled: 1
  m_CastShadows: 0
  m_ReceiveShadows: 1
  m_DynamicOccludee: 1
  m_StaticShadowCaster: 0
  m_MotionVectors: 1
  m_LightProbeUsage: 0
  m_ReflectionProbeUsage: 0
  m_RayTracingMode: 2
  m_RayTraceProcedural: 0
  m_RenderingLayerMask: 1
  m_RendererPriority: 0
  m_Materials:
  - {fileID: 2100000, guid: 7b7bf1fe5918e0e4d9945f588b59b920, type: 2}
  m_StaticBatchInfo:
    firstSubMesh: 0
    subMeshCount: 0
  m_StaticBatchRoot: {fileID: 0}
  m_ProbeAnchor: {fileID: 0}
  m_LightProbeVolumeOverride: {fileID: 0}
  m_ScaleInLightmap: 0.5
  m_ReceiveGI: 1
  m_PreserveUVs: 0
  m_IgnoreNormalsForChartDetection: 0
  m_ImportantGI: 0
  m_StitchLightmapSeams: 1
  m_SelectedEditorRenderState: 3
  m_MinimumChartSize: 4
  m_AutoUVMaxDistance: 0.5
  m_AutoUVMaxAngle: 89
  m_LightmapParameters: {fileID: 0}
  m_SortingLayerID: 0
  m_SortingLayer: 0
  m_SortingOrder: 0
  m_AdditionalVertexStreams: {fileID: 0}
--- !u!1001 &8861287428179479943
PrefabInstance:
  m_ObjectHideFlags: 0
  serializedVersion: 2
  m_Modification:
    m_TransformParent: {fileID: 7762311819336908069}
    m_Modifications:
    - target: {fileID: 165087139053441828, guid: efc3d96e0d174c94d99f41d1c76c37dd, type: 3}
      propertyPath: m_RootOrder
      value: 3
      objectReference: {fileID: 0}
    - target: {fileID: 165087139053441828, guid: efc3d96e0d174c94d99f41d1c76c37dd, type: 3}
      propertyPath: m_LocalScale.x
      value: 0.0066651884
      objectReference: {fileID: 0}
    - target: {fileID: 165087139053441828, guid: efc3d96e0d174c94d99f41d1c76c37dd, type: 3}
      propertyPath: m_LocalScale.y
      value: 0.0066651884
      objectReference: {fileID: 0}
    - target: {fileID: 165087139053441828, guid: efc3d96e0d174c94d99f41d1c76c37dd, type: 3}
      propertyPath: m_LocalScale.z
      value: 0.0066651865
      objectReference: {fileID: 0}
    - target: {fileID: 165087139053441828, guid: efc3d96e0d174c94d99f41d1c76c37dd, type: 3}
      propertyPath: m_LocalPosition.x
      value: 0.004829617
      objectReference: {fileID: 0}
    - target: {fileID: 165087139053441828, guid: efc3d96e0d174c94d99f41d1c76c37dd, type: 3}
      propertyPath: m_LocalPosition.y
      value: -0.0011796537
      objectReference: {fileID: 0}
    - target: {fileID: 165087139053441828, guid: efc3d96e0d174c94d99f41d1c76c37dd, type: 3}
      propertyPath: m_LocalPosition.z
      value: -0.0005615459
      objectReference: {fileID: 0}
    - target: {fileID: 165087139053441828, guid: efc3d96e0d174c94d99f41d1c76c37dd, type: 3}
      propertyPath: m_LocalRotation.w
      value: 0.60340786
      objectReference: {fileID: 0}
    - target: {fileID: 165087139053441828, guid: efc3d96e0d174c94d99f41d1c76c37dd, type: 3}
      propertyPath: m_LocalRotation.x
      value: 0.6034081
      objectReference: {fileID: 0}
    - target: {fileID: 165087139053441828, guid: efc3d96e0d174c94d99f41d1c76c37dd, type: 3}
      propertyPath: m_LocalRotation.y
      value: 0.36864468
      objectReference: {fileID: 0}
    - target: {fileID: 165087139053441828, guid: efc3d96e0d174c94d99f41d1c76c37dd, type: 3}
      propertyPath: m_LocalRotation.z
      value: 0.3686446
      objectReference: {fileID: 0}
    - target: {fileID: 165087139053441828, guid: efc3d96e0d174c94d99f41d1c76c37dd, type: 3}
      propertyPath: m_LocalEulerAnglesHint.x
      value: 0
      objectReference: {fileID: 0}
    - target: {fileID: 165087139053441828, guid: efc3d96e0d174c94d99f41d1c76c37dd, type: 3}
      propertyPath: m_LocalEulerAnglesHint.y
      value: 0
      objectReference: {fileID: 0}
    - target: {fileID: 165087139053441828, guid: efc3d96e0d174c94d99f41d1c76c37dd, type: 3}
      propertyPath: m_LocalEulerAnglesHint.z
      value: 0
      objectReference: {fileID: 0}
    - target: {fileID: 4884843403812277095, guid: efc3d96e0d174c94d99f41d1c76c37dd, type: 3}
      propertyPath: m_Name
      value: SM_TrashBag_USP
      objectReference: {fileID: 0}
    m_RemovedComponents: []
  m_SourcePrefab: {fileID: 100100000, guid: efc3d96e0d174c94d99f41d1c76c37dd, type: 3}
--- !u!4 &8697326191985680035 stripped
Transform:
  m_CorrespondingSourceObject: {fileID: 165087139053441828, guid: efc3d96e0d174c94d99f41d1c76c37dd, type: 3}
  m_PrefabInstance: {fileID: 8861287428179479943}
  m_PrefabAsset: {fileID: 0}
--- !u!1001 &8861287428406013350
PrefabInstance:
  m_ObjectHideFlags: 0
  serializedVersion: 2
  m_Modification:
    m_TransformParent: {fileID: 7762311819336908069}
    m_Modifications:
    - target: {fileID: 165087139053441828, guid: efc3d96e0d174c94d99f41d1c76c37dd, type: 3}
      propertyPath: m_RootOrder
      value: 11
      objectReference: {fileID: 0}
    - target: {fileID: 165087139053441828, guid: efc3d96e0d174c94d99f41d1c76c37dd, type: 3}
      propertyPath: m_LocalScale.x
      value: 0.006665187
      objectReference: {fileID: 0}
    - target: {fileID: 165087139053441828, guid: efc3d96e0d174c94d99f41d1c76c37dd, type: 3}
      propertyPath: m_LocalScale.y
      value: 0.0066651884
      objectReference: {fileID: 0}
    - target: {fileID: 165087139053441828, guid: efc3d96e0d174c94d99f41d1c76c37dd, type: 3}
      propertyPath: m_LocalScale.z
      value: 0.0066651884
      objectReference: {fileID: 0}
    - target: {fileID: 165087139053441828, guid: efc3d96e0d174c94d99f41d1c76c37dd, type: 3}
      propertyPath: m_LocalPosition.x
      value: -0.016891213
      objectReference: {fileID: 0}
    - target: {fileID: 165087139053441828, guid: efc3d96e0d174c94d99f41d1c76c37dd, type: 3}
      propertyPath: m_LocalPosition.y
      value: -0.011004687
      objectReference: {fileID: 0}
    - target: {fileID: 165087139053441828, guid: efc3d96e0d174c94d99f41d1c76c37dd, type: 3}
      propertyPath: m_LocalPosition.z
      value: -0.0005615419
      objectReference: {fileID: 0}
    - target: {fileID: 165087139053441828, guid: efc3d96e0d174c94d99f41d1c76c37dd, type: 3}
      propertyPath: m_LocalRotation.w
      value: 0.6736135
      objectReference: {fileID: 0}
    - target: {fileID: 165087139053441828, guid: efc3d96e0d174c94d99f41d1c76c37dd, type: 3}
      propertyPath: m_LocalRotation.x
      value: 0.6736135
      objectReference: {fileID: 0}
    - target: {fileID: 165087139053441828, guid: efc3d96e0d174c94d99f41d1c76c37dd, type: 3}
      propertyPath: m_LocalRotation.y
      value: -0.21504614
      objectReference: {fileID: 0}
    - target: {fileID: 165087139053441828, guid: efc3d96e0d174c94d99f41d1c76c37dd, type: 3}
      propertyPath: m_LocalRotation.z
      value: -0.21504644
      objectReference: {fileID: 0}
    - target: {fileID: 165087139053441828, guid: efc3d96e0d174c94d99f41d1c76c37dd, type: 3}
      propertyPath: m_LocalEulerAnglesHint.x
      value: 0
      objectReference: {fileID: 0}
    - target: {fileID: 165087139053441828, guid: efc3d96e0d174c94d99f41d1c76c37dd, type: 3}
      propertyPath: m_LocalEulerAnglesHint.y
      value: 0
      objectReference: {fileID: 0}
    - target: {fileID: 165087139053441828, guid: efc3d96e0d174c94d99f41d1c76c37dd, type: 3}
      propertyPath: m_LocalEulerAnglesHint.z
      value: 0
      objectReference: {fileID: 0}
    - target: {fileID: 4884843403812277095, guid: efc3d96e0d174c94d99f41d1c76c37dd, type: 3}
      propertyPath: m_Name
      value: SM_TrashBag_USP
      objectReference: {fileID: 0}
    m_RemovedComponents: []
  m_SourcePrefab: {fileID: 100100000, guid: efc3d96e0d174c94d99f41d1c76c37dd, type: 3}
--- !u!4 &8697326191943777922 stripped
Transform:
  m_CorrespondingSourceObject: {fileID: 165087139053441828, guid: efc3d96e0d174c94d99f41d1c76c37dd, type: 3}
  m_PrefabInstance: {fileID: 8861287428406013350}
  m_PrefabAsset: {fileID: 0}
--- !u!1001 &8861287428769511755
PrefabInstance:
  m_ObjectHideFlags: 0
  serializedVersion: 2
  m_Modification:
    m_TransformParent: {fileID: 7762311819336908069}
    m_Modifications:
    - target: {fileID: 165087139053441828, guid: efc3d96e0d174c94d99f41d1c76c37dd, type: 3}
      propertyPath: m_RootOrder
      value: 14
      objectReference: {fileID: 0}
    - target: {fileID: 165087139053441828, guid: efc3d96e0d174c94d99f41d1c76c37dd, type: 3}
      propertyPath: m_LocalScale.x
      value: 0.0066651884
      objectReference: {fileID: 0}
    - target: {fileID: 165087139053441828, guid: efc3d96e0d174c94d99f41d1c76c37dd, type: 3}
      propertyPath: m_LocalScale.y
      value: 0.0066651884
      objectReference: {fileID: 0}
    - target: {fileID: 165087139053441828, guid: efc3d96e0d174c94d99f41d1c76c37dd, type: 3}
      propertyPath: m_LocalScale.z
      value: 0.00666519
      objectReference: {fileID: 0}
    - target: {fileID: 165087139053441828, guid: efc3d96e0d174c94d99f41d1c76c37dd, type: 3}
      propertyPath: m_LocalPosition.x
      value: -0.017641652
      objectReference: {fileID: 0}
    - target: {fileID: 165087139053441828, guid: efc3d96e0d174c94d99f41d1c76c37dd, type: 3}
      propertyPath: m_LocalPosition.y
      value: -0.014872283
      objectReference: {fileID: 0}
    - target: {fileID: 165087139053441828, guid: efc3d96e0d174c94d99f41d1c76c37dd, type: 3}
      propertyPath: m_LocalPosition.z
      value: -0.0005615419
      objectReference: {fileID: 0}
    - target: {fileID: 165087139053441828, guid: efc3d96e0d174c94d99f41d1c76c37dd, type: 3}
      propertyPath: m_LocalRotation.w
      value: 0.7068093
      objectReference: {fileID: 0}
    - target: {fileID: 165087139053441828, guid: efc3d96e0d174c94d99f41d1c76c37dd, type: 3}
      propertyPath: m_LocalRotation.x
      value: 0.70680934
      objectReference: {fileID: 0}
    - target: {fileID: 165087139053441828, guid: efc3d96e0d174c94d99f41d1c76c37dd, type: 3}
      propertyPath: m_LocalRotation.y
      value: -0.02050972
      objectReference: {fileID: 0}
    - target: {fileID: 165087139053441828, guid: efc3d96e0d174c94d99f41d1c76c37dd, type: 3}
      propertyPath: m_LocalRotation.z
      value: -0.020509958
      objectReference: {fileID: 0}
    - target: {fileID: 165087139053441828, guid: efc3d96e0d174c94d99f41d1c76c37dd, type: 3}
      propertyPath: m_LocalEulerAnglesHint.x
      value: 0
      objectReference: {fileID: 0}
    - target: {fileID: 165087139053441828, guid: efc3d96e0d174c94d99f41d1c76c37dd, type: 3}
      propertyPath: m_LocalEulerAnglesHint.y
      value: 0
      objectReference: {fileID: 0}
    - target: {fileID: 165087139053441828, guid: efc3d96e0d174c94d99f41d1c76c37dd, type: 3}
      propertyPath: m_LocalEulerAnglesHint.z
      value: 0
      objectReference: {fileID: 0}
    - target: {fileID: 4884843403812277095, guid: efc3d96e0d174c94d99f41d1c76c37dd, type: 3}
      propertyPath: m_Name
      value: SM_TrashBag_USP
      objectReference: {fileID: 0}
    m_RemovedComponents: []
  m_SourcePrefab: {fileID: 100100000, guid: efc3d96e0d174c94d99f41d1c76c37dd, type: 3}
--- !u!4 &8697326192576227951 stripped
Transform:
  m_CorrespondingSourceObject: {fileID: 165087139053441828, guid: efc3d96e0d174c94d99f41d1c76c37dd, type: 3}
  m_PrefabInstance: {fileID: 8861287428769511755}
  m_PrefabAsset: {fileID: 0}
--- !u!1001 &8861287428893047140
PrefabInstance:
  m_ObjectHideFlags: 0
  serializedVersion: 2
  m_Modification:
    m_TransformParent: {fileID: 7762311819336908069}
    m_Modifications:
    - target: {fileID: 165087139053441828, guid: efc3d96e0d174c94d99f41d1c76c37dd, type: 3}
      propertyPath: m_RootOrder
      value: 8
      objectReference: {fileID: 0}
    - target: {fileID: 165087139053441828, guid: efc3d96e0d174c94d99f41d1c76c37dd, type: 3}
      propertyPath: m_LocalScale.x
      value: 0.006665191
      objectReference: {fileID: 0}
    - target: {fileID: 165087139053441828, guid: efc3d96e0d174c94d99f41d1c76c37dd, type: 3}
      propertyPath: m_LocalScale.y
      value: 0.0066651884
      objectReference: {fileID: 0}
    - target: {fileID: 165087139053441828, guid: efc3d96e0d174c94d99f41d1c76c37dd, type: 3}
      propertyPath: m_LocalScale.z
      value: 0.0066651893
      objectReference: {fileID: 0}
    - target: {fileID: 165087139053441828, guid: efc3d96e0d174c94d99f41d1c76c37dd, type: 3}
      propertyPath: m_LocalPosition.x
      value: 0.008765094
      objectReference: {fileID: 0}
    - target: {fileID: 165087139053441828, guid: efc3d96e0d174c94d99f41d1c76c37dd, type: 3}
      propertyPath: m_LocalPosition.y
      value: -0.0014135864
      objectReference: {fileID: 0}
    - target: {fileID: 165087139053441828, guid: efc3d96e0d174c94d99f41d1c76c37dd, type: 3}
      propertyPath: m_LocalPosition.z
      value: -0.0005615472
      objectReference: {fileID: 0}
    - target: {fileID: 165087139053441828, guid: efc3d96e0d174c94d99f41d1c76c37dd, type: 3}
      propertyPath: m_LocalRotation.w
      value: 0.47802815
      objectReference: {fileID: 0}
    - target: {fileID: 165087139053441828, guid: efc3d96e0d174c94d99f41d1c76c37dd, type: 3}
      propertyPath: m_LocalRotation.x
      value: 0.4780284
      objectReference: {fileID: 0}
    - target: {fileID: 165087139053441828, guid: efc3d96e0d174c94d99f41d1c76c37dd, type: 3}
      propertyPath: m_LocalRotation.y
      value: 0.52104616
      objectReference: {fileID: 0}
    - target: {fileID: 165087139053441828, guid: efc3d96e0d174c94d99f41d1c76c37dd, type: 3}
      propertyPath: m_LocalRotation.z
      value: 0.52104604
      objectReference: {fileID: 0}
    - target: {fileID: 165087139053441828, guid: efc3d96e0d174c94d99f41d1c76c37dd, type: 3}
      propertyPath: m_LocalEulerAnglesHint.x
      value: 0
      objectReference: {fileID: 0}
    - target: {fileID: 165087139053441828, guid: efc3d96e0d174c94d99f41d1c76c37dd, type: 3}
      propertyPath: m_LocalEulerAnglesHint.y
      value: 0
      objectReference: {fileID: 0}
    - target: {fileID: 165087139053441828, guid: efc3d96e0d174c94d99f41d1c76c37dd, type: 3}
      propertyPath: m_LocalEulerAnglesHint.z
      value: 0
      objectReference: {fileID: 0}
    - target: {fileID: 4884843403812277095, guid: efc3d96e0d174c94d99f41d1c76c37dd, type: 3}
      propertyPath: m_Name
      value: SM_TrashBag_USP
      objectReference: {fileID: 0}
    m_RemovedComponents: []
  m_SourcePrefab: {fileID: 100100000, guid: efc3d96e0d174c94d99f41d1c76c37dd, type: 3}
--- !u!4 &8697326192430803520 stripped
Transform:
  m_CorrespondingSourceObject: {fileID: 165087139053441828, guid: efc3d96e0d174c94d99f41d1c76c37dd, type: 3}
  m_PrefabInstance: {fileID: 8861287428893047140}
  m_PrefabAsset: {fileID: 0}
